 Dungeon Crawl Stone Soup version 0.29.1-15-g9cfb28693d (webtiles) character file.

Game seed: 8781697536220088843

109690 Sanktem7 the Severer (level 16, -3/140 HPs)
             Began as a Minotaur Fighter on Mar 13, 2023.
             Was the Champion of Okawaru.
             Constricted to death by a shambling mangrove (17 damage)
             ... on level 3 of the Swamp.
             The game lasted 00:57:09 (21044 turns).

Sanktem7 the Severer (Minotaur Fighter)            Turns: 21044, Time: 00:57:10

Health: -3/140     AC: 36    Str: 31    XL:     16   Next: 5%
Magic:  15/15      EV:  4    Int:  1    God:    Okawaru [******]
Gold:   1682       SH: 30    Dex: 14    Spells: 15/15 levels left

rFire   + . .      SeeInvis +   X - +8 war axe "Vemij" {flame, *Noise rElec Will+, axe}
rCold   + . .      Faith    .   H - +10 tower shield of Ignorance {rN+ Int-4}
rNeg    + + .      Spirit   .   B - +5 plate armour "Ukugivyz" {Fly rF+ Will- Dex+3}
rPois   .          Reflect  .   n - +1 hat
rElec   +          Harm     .   C - +2 cloak {Will+}
rCorr   .          Rampage  .   (no gloves)
Will    ++...      Clarity  +   a - +3 pair of boots of Gehenna {Str+3 SInv}
Stlth   ..........              k - amulet of regeneration {@e2}
HPRegen 0.00/turn               T - ring "Noim" {Fly rC+ rN+ Slay+2}
MPRegen 0.14/turn               L - +4 ring of protection

@: marked, grasped by roots, flying, inhibited regen, constricted
A: horns 2, retaliatory headbutt, clarity, frail 1, inhibited regeneration
a: Renounce Religion, Heroism, Finesse, Duel


You were on level 3 of the Swamp.
You worshipped Okawaru.
Okawaru was exalted by your worship.
You visited 4 branches of the dungeon, and saw 23 of its levels.
You also visited: Sewer, Ossuary and Ice Cave.

You collected 1749 gold pieces.
You spent 67 gold pieces at shops.


Innate Abilities, Weirdness & Mutations

You have a pair of horns on your head.
You reflexively headbutt those who attack you in melee.
You possess an exceptional clarity of mind.
You are frail. (-10% HP)
You do not regenerate when monsters are visible.


   Skills:
 + Level 17.6 Fighting
 - Level 18.0 Axes
 + Level 17.6 Armour
 + Level 17.5 Shields


You had 15 spell levels left.
You didn't know any spells.
Your spell library contained the following spells:

 Spells                   Type           Power      Damage    Failure   Level
 Apportation              Tloc           0%         N/A       100%        1
 Necrotise                Necr           0%         1d4       100%        1
 Ensorcelled Hibernation  Hex/Ice        0%         N/A       100%        2
 Passwall                 Tmut/Erth      0%         N/A       100%        2
 Portal Projectile        Hex/Tloc       0%         N/A       100%        3
 Swiftness                Air            0%         N/A       100%        3
 Fulminant Prism          Conj/Hex       0%         3d6       100%        4
 Iskenderun's Mystic Bla  Conj/Tloc      0%         2d3       100%        4
 Petrify                  Tmut/Erth      0%         N/A       100%        4
 Blade Hands              Tmut           0%         N/A       100%        5
 Lee's Rapid Deconstruct  Erth           0%         3d5*      100%        5
 Metabolic Englaciation   Hex/Ice        0%         N/A       100%        5
 Eringya's Noxious Bog    Tmut/Pois      0%         N/A       100%        6
 Statue Form              Tmut/Erth      0%         N/A       100%        6
 Orb of Destruction       Conj           0%         9d5       100%        7
 Summon Small Mammal      Summ           Unusable   N/A       N/A         1
 Call Canine Familiar     Summ           Unusable   N/A       N/A         3
 Summon Guardian Golem    Hex/Summ       Unusable   N/A       N/A         3
 Tukima's Dance           Hex            Unusable   N/A       N/A         3
 Summon Forest            Summ/Tloc      Unusable   N/A       N/A         5
 Spellforged Servitor     Conj/Summ      Unusable   N/A       N/A         7
 Summon Hydra             Summ           Unusable   N/A       N/A         7

Inventory:

Hand Weapons
 R - the +9 mace "Killer Bee's Bane" {spect, Contam rC++ MP+9, mace}
   (You found it on level 13 of the Dungeon)

   When its wielder attacks, the weapon's spirit leaps out and strikes again.
   The spirit shares a part of any damage it takes with its wielder.
   rC:        It greatly protects you from cold.
   MP:        It affects your magic capacity (+9).
   Contam:    It causes magical contamination when unequipped.
 X - the +8 war axe "Vemij" (weapon) {flame, *Noise rElec Will+, axe}
   (Okawaru gifted it to you on level 1 of the Swamp)

   It burns those it strikes, dealing additional fire damage.
   Big, fiery blades are also staple armaments of hydra-hunters.
   rElec:     It insulates you from electricity.
   *Noise:    It may make noises in combat.
   Will:      It increases your willpower.
Missiles
 w - 74 poisoned darts (quivered) {throwing}
 M - 3 stones {throwing}
Armour
 a - the +3 pair of boots of Gehenna (worn) {Str+3 SInv}
   (Okawaru gifted it to you on level 13 of the Dungeon)

   Str:       It affects your strength (+3).
   SInv:      It lets you see invisible.
 n - a +1 hat (worn)
   (You found it on level 1 of the Dungeon)
 B - the +5 plate armour "Ukugivyz" (worn) {Fly rF+ Will- Dex+3}
   (You found it on level 12 of the Dungeon)

   Dex:       It affects your dexterity (+3).
   rF:        It protects you from fire.
   Fly:       It grants you flight.
   Will:      It decreases your willpower.
 C - a +2 cloak of willpower (worn)
   (You took it off Crazy Yiuf on level 3 of the Dungeon)
 H - the +10 tower shield of Ignorance (worn) {rN+ Int-4}
   (You found it on level 2 of the Swamp)

   Int:       It affects your intelligence (-4).
   rN:        It protects you from negative energy.
 P - the +2 pair of gloves of Vulig {rN+ rCorr Str+3}
   (Okawaru gifted it to you on level 3 of the Swamp)

   Str:       It affects your strength (+3).
   rN:        It protects you from negative energy.
   rCorr:     It protects you from acid and corrosion.
Jewellery
 k - an amulet of regeneration (around neck) {@e2}
   (You found it on level 5 of the Dungeon)
 K - an amulet of magic regeneration {@e2}
   (You found it on level 2 of the Swamp)
 L - a +4 ring of protection (right hand)
   (You found it on level 8 of the Dungeon)
 T - the ring "Noim" (left hand) {Fly rC+ rN+ Slay+2}
   (You found it on level 3 of the Lair of Beasts)

   [ring of flight]

   Slay:      It affects your accuracy & damage with ranged weapons and melee
   (+2).
   rC:        It protects you from cold.
   rN:        It protects you from negative energy.
   Fly:       It grants you flight.
Wands
 c - a wand of flame (83)
   (You found it on level 8 of the Dungeon)
 f - a wand of polymorph (3)
   (You found it on level 14 of the Dungeon)
 x - a wand of mindburst (20)
   (You found it on level 8 of the Dungeon)
 y - a wand of paralysis (29)
   (You found it on level 8 of the Dungeon)
 I - a wand of iceblast (23)
   (You found it on level 6 of the Dungeon)
 O - a wand of digging (10)
   (You found it on level 3 of the Swamp)
 S - a wand of quicksilver (7)
   (You found it on level 2 of the Swamp)
Scrolls
 b - 3 scrolls of identify {@r1}
 e - 6 scrolls of poison {!r}
 g - 3 scrolls of immolation {!r!r}
 h - a scroll of vulnerability {!r!r}
 j - 6 scrolls of magic mapping {!r}
 l - 12 scrolls of teleportation {@r4}
 m - 9 scrolls of amnesia
 A - a scroll of summoning
 D - 3 scrolls of fear
 V - 3 scrolls of fog
Potions
 d - 6 potions of might
 o - 6 potions of brilliance
 p - 2 potions of lignification {!q}
 q - 8 potions of curing {@q1}
 r - 2 potions of flight
 s - 7 potions of degeneration {!q@e2}
 t - a potion of resistance
 u - 3 potions of haste {@q3}
 z - 2 potions of invisibility
 F - 3 potions of magic
 G - 2 potions of cancellation
 N - 2 potions of attraction {!q}
 Q - 3 potions of ambrosia
Miscellaneous
 v - a tin of tremorstones (2/2) {throwing}
   (You found it in an ice cave)
 E - a phantom mirror
   (You found it in an ice cave)
 J - a piece from Xom's chessboard (15/15)
   (You found it on level 7 of the Dungeon)
 W - a phial of floods
   (You found it on level 4 of the Lair of Beasts)
 Z - a lightning rod (4/4)
   (You found it on level 4 of the Lair of Beasts)

Dungeon Overview and Level Annotations

Branches:
Dungeon (14/15) Zot: 25317  Temple (1/1) D:4 Zot: 5812    Lair (5/5) D:9 Zot: 24698
  Swamp (3/4) Lair:3 Zot: 16560  Spider (0/4) Lair:3        Slime (0/5) Lair:4
    Orc (0/2) D:11         Vaults (0/5) D:13          Sewer (visited)
Ossuary (visited)           IceCv (visited)

Altars:
Ashenzari
Cheibriados
Dithmenos
Elyvilon
Fedhas
Gozag
Hepliaklqana
Kikubaaqudgha
Makhleb
Nemelex Xobeh
Okawaru
Qazlal
Ru
Sif Muna
Trog
Uskayaw
Vehumet
Wu Jian
Xom
Yredelemnul
Zin
The Shining One
Jiyva
Lugonu

Shops:
D:7 [   D:10 :

Portals:
Abyss: Lair:5

♣♣.♣#....♣..~........
♣~.#....♣♣..~...§#..
♣~.#.....♣°~........
♣♣f#######.#.....~~.
♣...i.♣.○○...~~..~.
♣♣♣♣♣♣...†°†...~..~
♣♣°i.~°.§.~~..
♣f.§.~..~.§~.
♣@R.♣~~§...~.
♣♣.♣♣.......$
♣♣♣~~...~..♣ .♣~....
~~♣.~.. ~..


You could see a shambling mangrove, an eleionoma and a spriggan.


Message History

😱 HP[-10]
You take 10 damage, and now have 10/140 hp.
You feel much better. You block the spriggan rider's attack.
A swamp worm comes into view. 😱 HP[+24]
You regained 24 hp, and now have 34/140 hp.
As you read the scroll of teleportation {@r4}, it crumbles to dust.
You feel strangely unstable. The grasping roots constrict you!
* * * LOW HITPOINT WARNING * * *
😱 HP[-8]
You take 8 damage, and now have 26/140 hp.
You escape the roots grasp.
A ghost crab comes into view.
You can't see any item there. x16
Throw: 74 darts (poison) {throwing}
Press: ? - help, Q - select action, (/) - cycle Shift-Dir - straight line, f - you That would be overly suicidal.
Okay, then.
Unknown command. 😱 HP[+1]
Your surroundings suddenly seem different.
You block the ghost crab's attack. x2
The swamp worm bites you but does no damage.
As you read the scroll of teleportation {@r4}, it crumbles to dust.
You feel strangely unstable.
You block the ghost crab's attack. x2; The swamp worm bites you.
* * * LOW HITPOINT WARNING * * *
😱 HP[-1]
You take 1 damage, and now have 26/140 hp.
The swamp worm attacks as you move away!
The swamp worm bites you.
* * * LOW HITPOINT WARNING * * *
The ghost crab attacks as you move away!
You block the ghost crab's attack. The ghost crab barely misses you.
You block the swamp worm's attack. 😱 HP[-2]
You take 2 damage, and now have 24/140 hp.
The swamp worm attacks as you move away!
You block the swamp worm's attack.
The swamp worm attacks as you move away!
The swamp worm bites you but does no damage.
The ghost crab breathes spectral mist at you.
The spectral mist engulfs the swamp worm but does no damage.
The eleionoma is engulfed in spectral mist.
The spriggan rider is engulfed in spectral mist.
The swamp worm attacks as you move away!
You block the swamp worm's attack.
The swamp worm is engulfed in spectral mist.
The swamp worm fires a harpoon shot at you.
The harpoon shot misses you.
The spriggan rider is engulfed in spectral mist.
The eleionoma is engulfed in spectral mist.
Your surroundings seem slightly different.
The spriggan rider is engulfed in spectral mist.
You block the spriggan rider's attack.
The swamp worm is engulfed in spectral mist. x2
The eleionoma is engulfed in spectral mist.
The spriggan rider is engulfed in spectral mist.
The hornet dies!
The spriggan falls from its now dead mount.
The swamp worm is engulfed in spectral mist. x2
You slice the ghost crab!! You burn the ghost crab!
The swamp worm is engulfed in spectral mist. x2
You block the ghost crab's attack. x2
You slice the ghost crab!! You burn the ghost crab.
You destroy the ghost crab!
Okawaru accepts your kill.
The spectral snapping turtle fades away!
The spectral anaconda fades away!
The swamp worm is engulfed in spectral mist.
The swamp worm dies!
The eleionoma is engulfed in spectral mist.
The eleionoma flows through the trees.
You block the spriggan's attack.
Roots burst forth from the earth!
The grasping roots grab you! The grasping roots constrict you.
* * * LOW HITPOINT WARNING * * *
😱 HP[-1]
You take 1 damage, and now have 23/140 hp.
You slice the swamp worm!! You burn the swamp worm.
You kill the swamp worm!
Okawaru accepts your kill.
You slash the eleionoma! You burn the eleionoma.
You block the eleionoma's attack.
The spriggan hits you from afar with a +0 spear.
* * * LOW HITPOINT WARNING * * *
😱 HP[-3]
You take 3 damage, and now have 20/140 hp.
You feel much better. The grasping roots constrict you!
* * * LOW HITPOINT WARNING * * *
The eleionoma hurls a spray of splinters at you.
The spray of wooden splinters hits you!!
* * * LOW HITPOINT WARNING * * *
You block the spriggan's attack. 😱 HP[-6]
You take 6 damage, and now have 14/140 hp.
You slash the eleionoma! You burn the eleionoma.
The grasping roots constrict you!
You die...

Skill      XL: |  1  2  3  4  5  6  7  8  9 10 11 12 13 14 15 |
---------------+----------------------------------------------+-----
Axes           | 3 4 5 6 7 9 11 13 14 16 18 | 18.0
Fighting       | 4 5 6 7 8 9 11 12 13 15 17 | 17.6
Shields        | 4 5 6 7 8 9 11 12 13 15 17 | 17.5
Armour         | 4 5 6 7 8 9 11 12 13 15 17 | 17.6

Action                   |  1- 3 |  4- 6 |  7- 9 | 10-12 | 13-15 | 16-18 || total
-------------------------+-------+-------+-------+-------+-------+-------++-------
Melee: War axe           |    90 |   109 |    21 |       |   285 |    18 ||   523
       Headbutt          |    16 |    18 |    41 |    92 |   271 |     5 ||   443
       Broad axe         |       |       |   240 |   462 |   180 |       ||   882
       Flail             |       |       |       |     2 |       |       ||     2
       Mace              |       |       |       |       |   484 |       ||   484
Throw: Dart              |       |       |       |     8 |       |       ||     8
Evoke: Wand              |       |       |       |       |     1 |       ||     1
  Use: Scroll            |       |       |     9 |    17 |    12 |     2 ||    40
       Potion            |       |       |       |       |     2 |     2 ||     4
 Stab: Distracted        |       |       |       |       |     9 |       ||     9
Armor: Scale mail        |    37 |    59 |    12 |       |       |       ||   108
       Plate armour      |       |       |   121 |   290 |   567 |     7 ||   985
       Chain mail        |       |       |     7 |       |       |       ||     7
Dodge: Dodged            |    42 |    52 |    51 |    68 |   143 |     3 ||   359
Block: Buckler           |    19 |    29 |    53 |       |       |       ||   101
       Tower shield      |       |       |    57 |   483 |  1009 |    30 ||  1579

Levels and vault maps discovered:
D:1:      amcnicky_arrival_gap_in_the_tavern_cellar, layout_loops_corners,
          chequers_ecumenical_altar_simple
D:2:      layout_loops_corners, serial_undead, serial_undead_f, serial_undead_c,
          serial_undead_c, serial_undead_b, serial_undead_a, serial_undead_a
D:3:      layout_basic, nicolae_qazlal_eye_of_the_storm, slow_altar_1,
          chequers_temple_overflow_statue_of_worship,
          hangedman_decor_diamond_cutter, hex_medium, uniq_sigmund,
          uniq_crazy_yiuf_cottage
D:4:      layout_basic, minmay_temple_entry_antechambers
D:5:      layout_loops_corners
D:6:      layout_rooms, gup_sewer_entry_bowl, enter_ossuary_3, uniq_duvessa
D:7:      layout_loops_cross, gammafunk_temple_overflow_wave, xom_butterflies,
          serial_shops, shop
D:8:      cheibrodos_fzero, layout_rooms, okawaru_altar_gauntlet_db
D:9:      layout_irregular_city, mainiacjoe_overflow_cross_hatched,
          nicolae_elyvilon_peaceful_grove, hangedman_ru_absence,
          grunt_lair_entry_orc_guard_hut, uniq_prince_ribbit1
D:10:     layout_cave_pools, serial_bayou, serial_bayou_lagoon_a,
          serial_bayou_pond_e, serial_bayou_crossing, serial_bayou_pond_e,
          amcnicky_mini_corridor_feature, nicolae_shop_self_help
D:11:     layout_gridville, hiddenorc2_lemuel, minmay_misc_feat_rows
D:12:     layout_layer_cave
D:13:     minmay_razor_zed, layout_rooms, david_vaults_2
D:14:     kennysheep_cluttered_fort, layout_layer_cave,
          chequers_serial_rivers_micro_b
Temple:   nicolae_temple_bog_church
Lair:1:   layout_loops_ring, grunt_forest_small_clearing_treed,
          grunt_megastairs_5
Lair:2:   layout_misc_corridors, infiniplex_staircase_pool_2, lemuel_fruit_tree,
          serial_bayou_shore_b
Lair:3:   layout_cave_pods, swamp_mist, spider_nest_entry_web_field,
          kennysheep_abandoned_house
Lair:4:   nzn_winding_woodlands_small [nzn_winding_woodlands_5x15_pool,
          nzn_winding_woodlands_center_triple_pond,
          nzn_winding_woodlands_5x15_garden], layout_cave_shapes,
          dpeg_slime_entry_enclosed, uniq_snorg
Lair:5:   hellmonk_lair_end_abyssal_woods, layout_hall_layers, uniq_rupert
Swamp:1:  cheibrodos_swamp_tower_of_moss, layout_basic_swamp,
          nicolae_swamp_fairy_circle
Swamp:2:  layout_basic_swamp, portal_ice_cave_entry_pillars_four,
          evilmike_swamp_ruin_rubble_2, uniq_roxanne
Swamp:3:  layout_falls_marsh, evilmike_swamp_ruin_house_6,
          infiniplex_staircase_pool

Notes
Turn   | Place    | Note
-------+----------+-------------------------------------------
     0 | D:1      | Sanktem7 the Minotaur Fighter began the quest for the Orb.
     0 | D:1      | Reached XP level 1. HP: 19/19 MP: 0/0
     0 | D:1      | magus.rc [v1.9.6]
    79 | D:1      | Reached XP level 2. HP: 27/27 MP: 1/1
   148 | D:1      | Reached skill level 3 in Axes
   378 | D:1      | Reached XP level 3. HP: 33/33 MP: 2/2
   400 | D:1      | Found a faded altar of an unknown god.
   404 | D:1      | Reached skill level 4 in Fighting
   404 | D:1      | Reached skill level 4 in Shields
   458 | D:1      | Reached skill level 4 in Armour
   928 | D:1      | You pick up a book of Weapons and begin reading...
   928 | D:1      | You add the spells Tukima's Dance, Portal Projectile and
                  | Blade Hands to your library.
  1216 | D:2      | Identified the +0 leather armour "Bidoun Esun" {rPois Str-4
                  | Int+6}
  1365 | D:2      | Reached XP level 4. HP: 35/40 MP: 3/3
  1470 | D:2      | Identified the +0 cloak of the New World {*Corrode rF+
                  | rN+++ Stlth+}
  1649 | D:2      | You pick up a book of Cantrips and begin reading...
  1649 | D:2      | You add the spells Necrotise, Summon Small Mammal and
                  | Apportation to your library.
  1650 | D:2      | You fall into a shaft and drop 1 floor!
  1665 | D:3      | Found a snail-covered altar of Cheibriados.
  1671 | D:3      | Reached skill level 4 in Axes
  1762 | D:3      | Found a stormy altar of Qazlal.
  1800 | D:2      | Reached XP level 5. HP: 37/47 MP: 4/4
  2412 | D:3      | Found an opulent altar of Gozag.
  2412 | D:3      | Noticed Sigmund
  2430 | D:3      | Killed Sigmund
  2431 | D:3      | Reached skill level 5 in Fighting
  2431 | D:3      | Reached skill level 5 in Axes
  2431 | D:3      | Reached skill level 5 in Armour
  2431 | D:3      | Reached skill level 5 in Shields
  2431 | D:3      | Reached XP level 6. HP: 33/56 MP: 5/5
  2558 | D:3      | Found a basalt altar of Yredelemnul.
  2829 | D:3      | Found a runed translucent door.
  2830 | D:3      | Noticed Crazy Yiuf
  2975 | D:3      | Killed Crazy Yiuf
  3127 | D:4      | Found a staircase to the Ecumenical Temple.
  3136 | Temple   | Entered the Ecumenical Temple
  3382 | D:4      | Reached skill level 6 in Axes
  3404 | D:4      | Reached XP level 7. HP: 59/61 MP: 6/6
  3956 | D:4      | Identified a scroll of acquirement
  3956 | D:4      | Acquired the +3 broad axe of Departure {vorpal, rC+}
  4002 | D:5      | Entered Level 5 of the Dungeon
  4238 | D:5      | HP: 13/62 [ice beast (3)]
  4539 | D:5      | Reached skill level 6 in Fighting
  4539 | D:5      | Reached skill level 7 in Axes
  4649 | D:5      | Reached skill level 6 in Armour
  4649 | D:5      | Reached skill level 6 in Shields
  4791 | D:5      | Reached XP level 8. HP: 70/70 MP: 7/7
  5174 | D:6      | Reached skill level 8 in Axes
  5192 | D:6      | Found a sand-covered staircase.
  5204 | Ossuary  | Entered an ossuary
  5367 | D:6      | Noticed Duvessa
  5369 | D:6      | Noticed Dowan
  5372 | D:6      | Killed Duvessa
  5389 | D:6      | Killed Dowan
  5417 | D:6      | Reached skill level 7 in Fighting
  5445 | D:6      | Reached skill level 7 in Armour
  5479 | D:6      | Reached skill level 9 in Axes
  5479 | D:6      | Reached skill level 7 in Shields
  5561 | D:6      | Found a glowing drain.
  5566 | Sewer    | Entered a sewer
  5616 | Sewer    | Noticed Pargi
  5619 | Sewer    | Killed Pargi
  5821 | D:6      | Reached XP level 9. HP: 76/79 MP: 8/8
  5941 | D:7      | Noticed a two-headed ogre
  5950 | D:7      | HP: 12/79 [two-headed ogre/+0 giant spiked club (22)]
  5951 | D:7      | Killed a two-headed ogre
  5952 | D:7      | Reached skill level 10 in Axes
  6060 | D:7      | Found a shimmering altar of Xom.
  6101 | D:7      | Found Otoot's Armour Shoppe.
  6119 | D:7      | Bought a +0 tower shield for 67 gold pieces
  6235 | D:7      | Reached skill level 8 in Fighting
  6262 | D:7      | Reached skill level 8 in Armour
  6265 | D:7      | Reached skill level 8 in Shields
  6525 | D:7      | Found a radiant altar of Vehumet.
  6525 | D:7      | Found an ornate altar of the Wu Jian Council.
  6621 | D:8      | Reached skill level 11 in Axes
  6745 | D:8      | Reached XP level 10. HP: 87/90 MP: 9/9
  6769 | D:8      | Noticed a gargoyle
  6769 | D:8      | Noticed a cyclops
  6770 | D:8      | Noticed a centaur warrior
  6853 | D:8      | Killed a centaur warrior
  6855 | D:8      | Reached skill level 9 in Fighting
  6855 | D:8      | Reached skill level 9 in Armour
  6855 | D:8      | Killed a gargoyle
  6856 | D:8      | Reached skill level 9 in Shields
  6861 | D:8      | Killed a cyclops
  6862 | D:8      | Reached skill level 12 in Axes
  7228 | D:8      | Found an iron altar of Okawaru.
  7243 | D:8      | Became a worshipper of Warmaster Okawaru
  7403 | D:9      | Noticed a two-headed ogre
  7413 | D:9      | Killed a two-headed ogre
  7413 | D:9      | Reached * piety under Okawaru
  7414 | D:9      | Reached skill level 13 in Axes
  7414 | D:9      | Reached XP level 11. HP: 60/99 MP: 10/10
  7467 | D:9      | Noticed Prince Ribbit
  7477 | D:9      | Killed Prince Ribbit
  7478 | D:9      | Reached skill level 10 in Fighting
  7486 | D:9      | Reached skill level 10 in Armour
  7547 | D:9      | Reached skill level 10 in Shields
  7647 | D:9      | Found a staircase to the Lair.
  7841 | D:9      | Found a sacrificial altar of Ru.
  7947 | D:9      | Reached ** piety under Okawaru
  7978 | D:9      | Identified the +6 flail of Vanity {spect, Contam rF+ Str+10
                  | Int+4}
  7997 | D:9      | Found a shadowy altar of Dithmenos.
  8042 | D:9      | Found a white marble altar of Elyvilon.
  8289 | D:10     | Entered Level 10 of the Dungeon
  8452 | D:10     | Found Entyitat's Self-Improvement Boutique.
  8582 | D:10     | Reached *** piety under Okawaru
  8585 | D:10     | Reached skill level 14 in Axes
  9089 | D:11     | Found a staircase to the Orcish Mines.
  9429 | D:11     | You pick up a book of Burglary and begin reading...
  9429 | D:11     | You add the spells Passwall, Ensorcelled Hibernation and
                  | Swiftness to your library.
  9549 | D:11     | Reached **** piety under Okawaru
  9814 | D:12     | Reached skill level 11 in Fighting
  9816 | D:12     | Reached skill level 11 in Armour
  9854 | D:12     | Noticed a seven-headed hydra
  9858 | D:12     | Killed a seven-headed hydra
  9859 | D:12     | Reached skill level 11 in Shields
  9883 | D:12     | Gained mutation: You possess an exceptional clarity of
                  | mind. [mutagenic glow]
  9943 | D:12     | Noticed a boulder beetle
  9952 | D:12     | Killed a boulder beetle
  9973 | D:12     | Reached ***** piety under Okawaru
  9974 | D:12     | Reached XP level 12. HP: 110/110 MP: 11/11
 10188 | D:12     | You pick up a book of Blasting and begin reading...
 10188 | D:12     | You add the spells Fulminant Prism, Iskenderun's Mystic
                  | Blast and Lee's Rapid Deconstruction to your library.
 10237 | D:12     | Reached skill level 15 in Axes
 10302 | D:12     | Identified the +5 plate armour "Ukugivyz" {Fly rF+ Will-
                  | Dex+3}
 10338 | D:12     | Noticed a two-headed ogre
 10343 | D:12     | Killed a two-headed ogre
 10952 | D:12     | You pick up a book of Callings and begin reading...
 11200 | D:13     | Noticed a centaur warrior
 11204 | D:13     | Killed a centaur warrior
 11204 | D:13     | Identified the +1 tower shield of Iritab {Harm rElec}
                  | (Okawaru gifted it to you on level 13 of the Dungeon)
 11204 | D:13     | Received a gift from Okawaru
 11311 | D:13     | Noticed a tengu warrior
 11312 | D:13     | Noticed a tengu warrior
 11319 | D:13     | Noticed an ogre mage
 11327 | D:13     | Killed a tengu warrior
 11327 | D:13     | Killed a tengu warrior
 11329 | D:13     | Paralysed by something for 4 turns
 11336 | D:13     | Killed an ogre mage
 11370 | D:13     | Noticed a two-headed ogre
 11379 | D:13     | Killed a two-headed ogre
 11384 | D:13     | Reached skill level 12 in Fighting
 11384 | D:13     | Reached skill level 16 in Axes
 11384 | D:13     | Reached skill level 12 in Armour
 11384 | D:13     | Noticed a two-headed ogre
 11385 | D:13     | Found a gate to the Vaults.
 11390 | D:13     | Killed a two-headed ogre
 11391 | D:13     | Reached skill level 12 in Shields
 11431 | D:13     | Noticed a centaur warrior
 11443 | D:13     | Killed a centaur warrior
 11471 | D:13     | Noticed a centaur warrior
 11477 | D:13     | Killed a centaur warrior
 11493 | D:13     | Identified the +2 short sword of Exoneration {elec, rN+
                  | Int+6 Stlth-}
 11703 | D:13     | Noticed a centaur warrior
 11706 | D:13     | Noticed a catoblepas
 11779 | D:13     | Killed a catoblepas
 11779 | D:13     | Killed a centaur warrior
 11780 | D:13     | Reached XP level 13. HP: 85/119 MP: 12/12
 11827 | D:13     | Identified the +9 mace "Killer Bee's Bane" {spect, Contam
                  | rC++ MP+9}
 11897 | D:13     | Identified the +3 pair of boots of Gehenna {Str+3 SInv}
                  | (Okawaru gifted it to you on level 13 of the Dungeon)
 11897 | D:13     | Received a gift from Okawaru
 12017 | D:14     | Reached skill level 17 in Axes
 12348 | D:14     | Reached skill level 13 in Fighting
 12348 | D:14     | Reached skill level 13 in Armour
 12351 | D:14     | Reached skill level 13 in Shields
 13459 | Lair:1   | Entered Level 1 of the Lair of Beasts
 13803 | Lair:1   | Gained mutation: You do not regenerate when monsters are
                  | visible. [mutagenic glow]
 14220 | Lair:2   | Reached skill level 18 in Axes
 14255 | Lair:2   | Identified the +0 hat of Resourcefulness {Contam rF+ rN+}
                  | (Okawaru gifted it to you on level 2 of the Lair of Beasts)
 14255 | Lair:2   | Received a gift from Okawaru
 14309 | Lair:2   | HP: 24/123 [death yak (8)]
 14615 | Lair:2   | Reached XP level 14. HP: 130/130 MP: 12/13
 14626 | Lair:2   | Reached skill level 14 in Fighting
 14802 | Lair:2   | Reached skill level 14 in Armour
 14802 | Lair:2   | Reached skill level 14 in Shields
 15473 | Lair:3   | Found a hole to the Spider Nest.
 15705 | Lair:3   | Found a staircase to the Swamp.
 15708 | Lair:3   | Identified the ring "Noim" {Fly rC+ rN+ Slay+2}
 16446 | Lair:4   | You pick up a book of Cantrips and begin reading...
 16536 | Lair:4   | Reached ****** piety under Okawaru
 16589 | Lair:4   | Noticed Snorg
 16599 | Lair:4   | Killed Snorg
 16640 | Lair:4   | Found a viscous altar of Jiyva.
 16640 | Lair:4   | Found a staircase to the Slime Pits.
 16796 | Lair:4   | Reached skill level 15 in Fighting
 16802 | Lair:4   | Reached skill level 15 in Armour
 16909 | Lair:4   | Reached skill level 15 in Shields
 17014 | Lair:4   | Received a gift from Okawaru
 17285 | Lair:5   | Entered Level 5 of the Lair of Beasts
 17394 | Lair:5   | Noticed Rupert
 17408 | Lair:5   | HP: 22/135 [Rupert/+3 great mace of protection (21)]
 17418 | Lair:5   | HP: 18/135 [Rupert/+3 great mace of protection (10)]
 17420 | Lair:5   | Killed Rupert
 18639 | Lair:5   | Reached XP level 15. HP: 143/143 MP: 14/14
 18701 | Lair:5   | Received a gift from Okawaru
 18736 | Lair:5   | Found a corrupted altar of Lugonu.
 18736 | Lair:5   | Found a one-way gate to the infinite horrors of the Abyss.
 18907 | Swamp:1  | Entered Level 1 of the Swamp
 18912 | Swamp:1  | Reached skill level 16 in Fighting
 18931 | Swamp:1  | Reached skill level 16 in Armour
 18931 | Swamp:1  | Reached skill level 16 in Shields
 19036 | Swamp:1  | Noticed a thorn hunter
 19054 | Swamp:1  | Killed a thorn hunter
 19074 | Swamp:1  | Identified the +8 war axe "Vemij" {flame, *Noise rElec
                  | Will+} (Okawaru gifted it to you on level 1 of the Swamp)
 19074 | Swamp:1  | Received a gift from Okawaru
 19083 | Swamp:1  | Gained mutation: You are frail. (-10% HP) [mutagenic glow]
 19372 | Swamp:2  | Noticed Roxanne
 19495 | Swamp:2  | Killed Roxanne
 19497 | Swamp:2  | You pick up a book of Sloth and begin reading...
 19497 | Swamp:2  | You add the spells Petrify, Metabolic Englaciation and
                  | Statue Form to your library.
 19570 | Swamp:2  | You pick up a book of Dangerous Friends and begin
                  | reading...
 19595 | Swamp:2  | Found the +10 tower shield of Ignorance {rN+ Int-4}
 19769 | Swamp:2  | Identified the +8 shortbow of Terror {vorpal, *Slow rElec
                  | Int+2}
 19796 | Swamp:2  | Found a frozen archway.
 19803 | IceCv    | Entered an ice cave
 19865 | IceCv    | Identified the +6 ice dragon scales of Rotation {-Tele
                  | *Corrode rPois rF- rC++ rN+++}
 20076 | IceCv    | Reached skill level 17 in Fighting
 20079 | IceCv    | Reached skill level 17 in Armour
 20084 | IceCv    | Reached skill level 17 in Shields
 20211 | IceCv    | Identified the +4 quarterstaff of Pycet {vamp, *Noise
                  | rF+++} (Okawaru gifted it to you in an ice cave)
 20211 | IceCv    | Received a gift from Okawaru
 20345 | IceCv    | Noticed an Ice Fiend
 20365 | IceCv    | Killed an Ice Fiend
 20426 | IceCv    | Identified the +9 dagger of Callousness {venom, Int+3}
 21002 | Swamp:3  | Reached XP level 16. HP: 85/139 MP: 15/15
 21007 | Swamp:3  | Identified the +2 pair of gloves of Vulig {rN+ rCorr Str+3}
                  | (Okawaru gifted it to you on level 3 of the Swamp)
 21007 | Swamp:3  | Received a gift from Okawaru
 21023 | Swamp:3  | HP: 35/140 [constriction (6)]
 21027 | Swamp:3  | HP: 10/140 [constriction (10)]
 21034 | Swamp:3  | HP: 26/140 [swamp worm (1)]
 21041 | Swamp:3  | HP: 23/140 [constriction (1)]
 21044 | Swamp:3  | Constricted to death by a shambling mangrove

Vanquished Creatures
  An Ice Fiend (IceCv)
  Rupert (Lair:5)
  A thorn hunter (Swamp:1)
  Roxanne (Swamp:2)
  An eleionoma (Swamp:2)
  5 bunyips
  Snorg (Lair:4)
  2 shambling mangroves
  12 hydras
  5 centaur warriors
  2 ghost crabs (Swamp:3)
  2 boulder beetles
  An ogre mage (D:13)
  3 catoblepae
  5 two-headed ogres
  An alligator (Swamp:3)
  3 thrashing horrors (Lair:5)
  6 death yaks
  3 tengu warriors
  4 skeletal warriors (D:14)
  4 goliath frogs
  A spriggan druid (Swamp:1)
  2 swamp dragons
  5 bog bodies
  10 spriggan simulacra (IceCv)
  An obsidian statue (IceCv)
  A wolf spider (D:14)
  A deep elf pyromancer (D:13)
  8 ugly things
  2 will-o-the-wisps
  3 large abominations (Lair:5)
  5 cyclopes
  3 manticores
  A torpor snail (Lair:4)
  2 black mambas
  4 gargoyles
  A smoke demon (Lair:5)
  3 kobold demonologists (D:13)
  A cane toad (shapeshifter) (Lair:5)
  14 cane toads
  3 rime drakes
  An unseen horror (D:11)
  5 anaconda simulacra (IceCv)
  5 yaktaurs (D:14)
  A rime drake (shapeshifter) (Lair:5)
  4 freezing wraiths
  7 komodo dragons
  2 ancient zymes (Lair:5)
  7 ice devils (IceCv)
  9 tyrant leeches
  2 bloated husks
  2 golden dragon simulacra (IceCv)
  3 meliai (D:13)
  A polar bear (Lair:2)
  5 trolls
  8 hornets
  Prince Ribbit (D:9)
  14 blink frogs (Lair:5)
  5 slime creatures (D:13)
  Sigmund (D:3)
  2 shadows
  5 spriggans
  3 vampires (D:10)
  A wraith (D:10)
  2 wyverns
  41 yaks
  3 ynoxinuls (Lair:5)
  2 steam dragons
  10 basilisks
  A harpy simulacrum (IceCv)
  13 vampire mosquitoes
  7 minotaur simulacra (IceCv)
  12 small abominations (Lair:5)
  2 acid dragons
  19 water moccasins
  A hydra simulacrum (IceCv)
  Duvessa (D:6)
  5 swamp worms
  3 sky beasts
  6 orc warriors
  Pargi (Sewer)
  2 ice beasts
  3 black bears
  A black bear (shapeshifter) (D:14)
  An ettin simulacrum (IceCv)
  2 ogres
  5 centaurs
  13 wolves
  8 kobold brigands
  A phantom (D:7)
  19 bullfrogs
  3 necrophages
  12 deep troll simulacra (IceCv)
  2 gnoll sergeants
  6 scorpions
  15 wights
  Dowan (D:6)
  A killer bee (D:8)
  2 electric eels (D:10)
  3 howler monkeys
  4 orc priests
  A jelly (D:7)
  2 gnoll boudas (D:6)
  2 hounds
  Crazy Yiuf (D:3)
  An iron imp (D:3)
  2 iguanas
  9 orc wizards
  4 hell rats (Lair:3)
  3 mummies (Ossuary)
  23 gnolls
  6 adders
  5 river rats (Lair:3)
  2 shadow imps
  2 white imps
  An ufetubus (D:7)
  A worm zombie (D:6)
  5 adder zombies
  An adder skeleton (D:2)
  2 worms
  5 dart slugs
  46 orcs
  6 ball pythons
  A bat skeleton (D:2)
  13 endoplasms
  4 giant cockroaches
  2 gnoll zombies (Ossuary)
  7 goblins
  6 hobgoblins
  10 jackals
  7 quokkas
  A ball python skeleton (D:2)
  9 bats
  5 frilled lizards
  3 goblin zombies
  2 hobgoblin zombies (Ossuary)
  A jackal zombie (D:6)
  30 kobolds
  2 kobold zombies (Ossuary)
  2 quokka zombies
  9 rats
  5 rat zombies (Ossuary)
  A briar patch (Swamp:1)
  A butterfly (D:7)
713 creatures vanquished.

Vanquished Creatures (others)
  An eleionoma (Swamp:3)
  An alligator (Swamp:2)
  A goliath frog (Swamp:3)
  A swamp dragon (Swamp:3)
  An unseen horror (D:13)
  A hornet (Swamp:3)
  3 bloated husks
  A swamp worm (Swamp:3)
  An orc wizard (D:8)
  An orc (D:13)
  A briar patch (Swamp:1)
  12 foxfires
  9 fungi
  14 plants
  7 toadstools (Swamp:1)
  4 withered plants (D:2)
59 creatures vanquished.

Grand Total: 772 creatures vanquished

Table legend:
 A = Non-vault XP
 B = Vault XP
 C = Vault XP percentage of total XP
 D = Non-vault monster count
 E = Vault monster count
 F = Vault count percentage of total count
                 A         B        C        D         E       F
            +---------+---------+-------+---------+---------+-------
      Total |  102330 |   54371 |  34.7 |     481 |     236 |  32.9
            +---------+---------+-------+---------+---------+-------
        D:1 |      68 |       0 |   0.0 |      37 |       0 |   0.0
        D:2 |     100 |      15 |  13.0 |      22 |       5 |  18.5
        D:3 |      54 |     323 |  85.7 |      15 |       3 |  16.7
        D:4 |     425 |       0 |   0.0 |      15 |       0 |   0.0
        D:5 |     768 |       0 |   0.0 |      20 |       0 |   0.0
        D:6 |     543 |     241 |  30.7 |      20 |       9 |  31.0
        D:7 |    1933 |       0 |   0.0 |      24 |       0 |   0.0
        D:8 |    2805 |    2933 |  51.1 |      30 |      20 |  40.0
        D:9 |    2581 |     798 |  23.6 |      37 |       6 |  14.0
       D:10 |    2711 |       0 |   0.0 |      14 |       0 |   0.0
       D:11 |    2402 |     454 |  15.9 |       7 |      32 |  82.1
       D:12 |    4670 |       0 |   0.0 |      10 |       0 |   0.0
       D:13 |   10819 |    5868 |  35.2 |      33 |      10 |  23.3
       D:14 |    9765 |    2278 |  18.9 |      19 |       4 |  17.4
     Lair:1 |    2789 |     433 |  13.4 |      12 |       2 |  14.3
     Lair:2 |   11146 |       0 |   0.0 |      32 |       0 |   0.0
     Lair:3 |    6468 |     645 |   9.1 |      23 |      13 |  36.1
     Lair:4 |    6515 |    5675 |  46.6 |      26 |       7 |  21.2
     Lair:5 |    7713 |   13470 |  63.6 |      27 |      43 |  61.4
    Swamp:1 |    8426 |    1507 |  15.2 |      17 |       1 |   5.6
    Swamp:2 |    8160 |    1242 |  13.2 |      20 |       1 |   4.8
    Swamp:3 |   11469 |       0 |   0.0 |      21 |       0 |   0.0
      Sewer |       0 |     239 | 100.0 |       0 |       8 | 100.0
    Ossuary |       0 |      93 | 100.0 |       0 |      21 | 100.0
      IceCv |       0 |   18157 | 100.0 |       0 |      51 | 100.0
            +---------+---------+-------+---------+---------+-------

Illustrated notes

Table legend:
 A = Kills in this place as a percentage of kills in entire the game.
 B = Kills by you in this place as a percentage of kills by you in the entire game.
 C = Kills by friends in this place as a percentage of kills by friends in the entire game.
 D = Other kills in this place as a percentage of other kills in the entire game.
 E = Experience gained in this place as a percentage of experience gained in the entire game.
 F = Experience gained in this place divided by the number of levels of this place that you have seen.
                   A       B       C       D       E      F
               +-------+-------+-------+-------+-------+----------------------
         Total | 100.0 | 100.0 |   N/A | 100.0 | 100.0 | 6027.0
       Dungeon |  54.7 |  54.9 |   N/A |  33.3 |  33.5 | 3753.9
          Lair |  25.8 |  26.0 |   N/A |   0.0 |  35.0 | 10970.8
         Swamp |   8.4 |   7.9 |   N/A |  66.7 |  19.7 | 10268.0
         Sewer |   1.1 |   1.1 |   N/A |   0.0 |   0.2 | 239.0
       Ossuary |   2.9 |   3.0 |   N/A |   0.0 |   0.1 |  93.0
      Ice Cave |   7.1 |   7.2 |   N/A |   0.0 |  11.6 | 18157.0
               +-------+-------+-------+-------+-------+----------------------

Table legend: (Time is in decaauts)
 A = Elapsed time spent in this place.
 B = Non-inter-level travel time spent in this place.
 C = Inter-level travel time spent in this place.
 D = Time resting spent in this place.
 E = Time spent auto-exploring this place.
 F = Levels seen in this place.
 G = Mean time per level.
                   A        B        C        D        E       F      G
               +--------+--------+--------+--------+--------+-----+--------+
         Total |  21285 |  20334 |    951 |    701 |  14804 |  26 |  818.7 |
       Dungeon |  13405 |  12821 |    584 |    223 |   9610 |  14 |  957.5 |
        Temple |    187 |    145 |     42 |      0 |    131 |   1 |  187.0 |
          Lair |   5301 |   4992 |    309 |    273 |   3725 |   5 | 1060.2 |
         Swamp |   1438 |   1423 |     15 |    156 |    814 |   3 |  479.3 |
         Sewer |    137 |    137 |      0 |      0 |     89 |   1 |  137.0 |
       Ossuary |    155 |    155 |      0 |      0 |     75 |   1 |  155.0 |
      Ice Cave |    659 |    659 |      0 |     49 |    360 |   1 |  659.0 |
               +--------+--------+--------+--------+--------+-----+--------+

Top non-repeatable levels by time:
  Lair:5: 1484 daAuts
    D:14: 1444 daAuts
    D:12: 1326 daAuts
     D:1: 1228 daAuts
     D:5: 1161 daAuts
  Lair:4: 1159 daAuts
     D:2: 1039 daAuts
  Lair:3: 994 daAuts
     D:9: 939 daAuts
    D:13: 916 daAuts
    D:11: 859 daAuts
  Lair:2: 854 daAuts
     D:3: 820 daAuts
    D:10: 812 daAuts
     D:4: 810 daAuts
